 Dungeon Sprint DCSS version bcrawl-1.18 (webtiles) character file.

Game seed: 9991603204684562134

1567 Freyura the Fighter (level 8, 0/60 HPs)
             Began as a Gargoyle Gladiator on Nov 3, 2019.
             Was the Champion of Makhleb.
             Killed by a guardian mummy's death curse (23 damage)
             ... in the Dungeon (Sprint V: "Ziggurat Sprint").
             The game lasted 00:09:03 (687 turns).

Freyura the Fighter (Gargoyle Gladiator)             Turns: 687, Time: 00:09:03

Health: 0/60       AC: 35    Str: 23    XL:     8   Next: 90%
Magic:  15/15      EV:  6    Int: 10    God:    Makhleb [******]
Gold:   0          SH:  0    Dex: 19    Spells: 7/7 levels left

rFire    + + .     SeeInvis .   G - +7 great mace "Firestarter" {inner flame, rF++}
rCold    . . .     Gourm    .   (shield currently unavailable)
rNeg     + . .     Faith    .   a - +5 crystal plate armour
rPois    ∞         Spirit   .   c - +0 helmet
rElec    +         Reflect  .   (no cloak)
rCorr    .         Harm     .   (no gloves)
MR       .....     NoTele   +   o - +1 pair of boots {Stlth++}
Stlth    ..........             (no amulet)
HPRegen  0.20/turn              z - +6 ring of dexterity
MPRegen  0.14/turn              E - +6 ring of strength

@: slowed, very slow
A: negative energy resistance 1, electricity resistance, unbreathing,
petrification resistance, rot immunity, AC +5
a: Minor Destruction, Lesser Servant of Makhleb, Major Destruction, Greater
Servant of Makhleb, Renounce Religion


You were in the Dungeon.
You worshipped Makhleb.
Makhleb was exalted by your worship.
You were not hungry.

You visited 1 branch

Inventory:

Hand Weapons
 G - the +7 great mace "Firestarter" (weapon) {inner flame, rF++}
   (You found it in the Dungeon)

   It has been specially enchanted to burn those struck by it, causing extra
   injury to most foes and up to half again as much damage against particularly
   susceptible opponents.
   It greatly protects you from fire.
Missiles
 d - 3 throwing nets (quivered) {!f}
Armour
 a - a +5 crystal plate armour (worn)
 c - a +0 helmet (worn)
 o - a +1 pair of boots of stealth (worn)
Jewellery
 z - a +6 ring of dexterity (left hand)
 A - a +6 ring of dexterity
 B - a +6 ring of intelligence
 C - a +6 ring of intelligence
 D - a +6 ring of strength
 E - a +6 ring of strength (right hand)
 H - an uncursed ring of protection from cold
 K - an uncursed ring of stealth
Wands
 w - a wand of disintegration (7)
 x - a wand of iceblast (5)
 y - a wand of acid (7)
Scrolls
 k - 4 scrolls of blinking
 r - 4 scrolls of amnesia
 s - 7 scrolls of fog
 t - 5 scrolls of identify
 u - 5 scrolls of remove curse
 v - 2 scrolls of fear
 J - a scroll of silence
Potions
 e - 10 potions of curing
 g - 7 potions of heal wounds
 h - 6 potions of haste
 i - 7 potions of magic
 j - 3 potions of berserk rage
 l - 2 potions of brilliance
 m - 2 potions of invisibility
 n - 4 potions of resistance
 p - 5 potions of agility
 q - 5 potions of might
Miscellaneous
 b - a lamp of fire
 F - a lightning rod (4/4)
Comestibles
 f - 7 rations {!d}


   Skills:
 + Level 11.1 Fighting
 + Level 10.4 Maces & Flails
 - Level 1.7 Throwing
 + Level 10.8 Armour
 - Level 2.4 Dodging
 + Level 9.8 Invocations


You had 7 spell levels left.
You didn't know any spells.
Your spell library contained the following spells:

 Spells                   Type           Power        Failure   Level  Hunger
 Beastly Appendage        Tmut           #.....       100%        1    ##.....
 Poisonous Vapours        Pois/Air       #.....       100%        2    ###....
 Swiftness                Chrm/Air       #.......     100%        2    ###....
 Ignite Poison            Fire/Tmut/Pois #.......     100%        3    ####...
 Mephitic Cloud           Conj/Pois/Air  #.......     100%        3    ####...
 Static Discharge         Air            #.......     100%        3    ####...
 Silence                  Hex/Air        #.........   100%        5    ######.
 Tree Form                Hex/Tmut       N/A          100%        5    ######.
 Infestation              Hex/Tmut/Pois  #........    100%        6    #######
 Poison Arrow             Conj/Pois      #.........   100%        6    #######


Dungeon Overview and Level Annotations

Branches:
Dungeon (1/1)

Altars:
Ashenzari
Cheibriados
Dithmenos
Elyvilon
Fedhas
Gozag
Hepliaklqana
Kikubaaqudgha
Lugonu
Makhleb
Nemelex Xobeh
Okawaru
Qazlal
Ru
Sif Muna
Trog
Uskayaw
Vehumet
Wu Jian
Xom
Yredelemnul
Zin
The Shining One
Beogh
Jiyva

Annotations:
D 1 transporter


Innate Abilities, Weirdness & Mutations

You are resistant to torment.
Your stone body is resilient. (AC +5)
You are immune to poison.
You resist negative energy. (rN+)
You are resistant to electric shocks. (rElec)
You can survive without breathing.
You are immune to petrification.
You are immune to rotting.


Message History

The death scarab drains your vigour!
You feel as though you will be slow longer.
The mummy hits you. x2; The guardian mummy hits you!
* * * LOW HITPOINT WARNING * * *
The mummy hits you.
* * * LOW HITPOINT WARNING * * *
The mummy hits you but does no damage. The mummy barely misses you.
You thump the guardian mummy! You burn the guardian mummy.
The guardian mummy is almost destroyed.
The guardian mummy's inner flame fades away.
The death scarab bites you but does no damage.
The guardian mummy hits you but does no damage.
The mummy barely misses you. x3; The mummy hits you but does no damage. x2
You bludgeon the guardian mummy!! You burn the guardian mummy.
You destroy the guardian mummy!
Makhleb accepts your kill.
You feel better.
You feel extremely nervous for a moment...
You convulse helplessly as pain tears through your body!
You die...

▓....©....▓...©...▓
▓▓▓▓▓▓▓▓▓▓▓▓▓▓▓▓▓▓▓
▓...8©8...▓..8©8..▓
▓..|}))|..▓....}..▓
▓...)))...▓..:):..▓
▓.........▓.......▓
▓....M....▓.......▓
▓...M.M...▓.......▓
▓...M@M...▓..)....▓
▓....sM...▓.▓...▓.▓
▓....©....▓...©...▓
▓▓▓▓▓▓▓▓▓▓▓▓▓▓▓▓▓▓▓


You could see a death scarab and 6 mummies.

Vanquished Creatures
  3 spriggans (D)
  A naga (D)
  A water moccasin (D)
  A hell hound (D)
  A black bear (D)
  2 phantoms (D)
  5 wights (D)
  6 orc priests (D)
  2 jellies (D)
  An iron imp (D)
  An orc wizard (D)
  2 adders (D)
  2 orcs (D)
  A ball python (D)
  2 bat skeletons (D)
  2 bat zombies (D)
  A ball python skeleton (D)
  A ball python zombie (D)
  A giant cockroach zombie (D)
  A leopard gecko zombie (D)
37 creatures vanquished.

Notes
Turn   | Place    | Note
-------+----------+-------------------------------------------
     0 | D        | Freyura the Gargoyle Gladiator began the quest for the Orb.
     0 | D        | Reached XP level 1. HP: 12/12 MP: 1/1
     0 | D        | Found a shimmering blue altar of Sif Muna.
     0 | D        | Found a bloodstained altar of Trog.
     0 | D        | Found a sacrificial altar of Ru.
     0 | D        | Found a stormy altar of Qazlal.
     0 | D        | Found an iron altar of Okawaru.
     1 | D        | Found a sparkling altar of Nemelex Xobeh.
     1 | D        | Found a blossoming altar of Fedhas.
     2 | D        | Found the +6 Majin-Bo {vamp, *Drain Str+12 Int+24}
     2 | D        | Found the +7 great mace "Firestarter" {inner flame, rF++}
     3 | D        | Found a transporter.
     3 | D        | Found an ancient bone altar of Kikubaaqudgha.
     3 | D        | Found a viscous altar of Jiyva.
     3 | D        | Found a corrupted altar of Lugonu.
     3 | D        | Found a hazy altar of Hepliaklqana.
     3 | D        | Found a burning altar of Makhleb.
     3 | D        | Found an opulent altar of Gozag.
    25 | D        | Found the +6 shillelagh "Devastator" {shatter}
    25 | D        | Found the +11 plutonium sword {*Contam Stlth-}
    25 | D        | Found the +8 lance "Wyrmbane" {slay drac, rPois rF+ rC+
                  | AC+3}
    25 | D        | Found the +9 sword of Zonguldrok {reap}
    25 | D        | Found the cursed +13 scythe of Curses {drain, *Curse}
    25 | D        | Found the +0 sword of Power
    25 | D        | Found the +7 mace of Variability {chain chaos}
    25 | D        | Found the +7 Singing Sword {slice, sonic wave}
    25 | D        | Found the +7 longbow "Piercer" {penet, EV-2}
    84 | D        | Became a worshipper of Makhleb the Destroyer
    85 | D        | Reached skill level 5 in Fighting
    85 | D        | Reached skill level 5 in Maces & Flails
    85 | D        | Reached XP level 2. HP: 21/21 MP: 2/2
    90 | D        | Found the +9 heavy crossbow "Sniper" {velocity, Acc+∞ SInv}
    90 | D        | Found the +10 dark maul {crush}
    90 | D        | Found the +15 Maxwell's patent armour {-Cast -Tele rElec
                  | MR+ rCorr}
    90 | D        | Found the +18 shield of the Gong {rElec rN+ MR+ EV-5}
    90 | D        | Found the cursed +14 obsidian axe {chop, +Fly SInv *Curse}
   101 | D        | Entered arena 2.
   101 | D        | Found a transporter.
   103 | D        | Reached skill level 5 in Armour
   103 | D        | Reached skill level 1 in Invocations
   103 | D        | Reached XP level 3. HP: 26/26 MP: 2/4
   105 | D        | Reached skill level 6 in Fighting
   105 | D        | Reached XP level 4. HP: 32/32 MP: 2/6
   133 | D        | Entered arena 3.
   133 | D        | Found a transporter.
   136 | D        | Reached * piety under Makhleb
   138 | D        | Reached XP level 5. HP: 37/37 MP: 5/8
   142 | D        | Reached skill level 7 in Fighting
   145 | D        | Got the Reference Book on Shifting Intoxication
   147 | D        | Entered arena 4.
   147 | D        | Noticed a hell hound
   147 | D        | Found a transporter.
   152 | D        | Killed a hell hound
   152 | D        | Reached ** piety under Makhleb
   152 | D        | Reached skill level 5 in Invocations
   152 | D        | Reached XP level 6. HP: 37/44 MP: 7/10
   156 | D        | Reached skill level 8 in Fighting
   244 | D        | Entered arena 5.
   244 | D        | Noticed a spriggan
   244 | D        | Noticed a spriggan
   244 | D        | Noticed a black bear
   244 | D        | Noticed a spriggan
   244 | D        | Found a transporter.
   255 | D        | Killed a spriggan
   255 | D        | Reached *** piety under Makhleb
   255 | D        | Reached XP level 7. HP: 18/50 MP: 10/12
   256 | D        | Killed a spriggan
   256 | D        | Reached skill level 9 in Fighting
   262 | D        | Killed a spriggan
   450 | D        | Entered arena 6.
   450 | D        | Noticed a naga
   450 | D        | Found a transporter.
   454 | D        | Killed a naga
   454 | D        | Reached **** piety under Makhleb
   454 | D        | Reached skill level 10 in Fighting
   454 | D        | Reached XP level 8. HP: 48/57 MP: 14/14
   454 | D        | Reached skill level 10 in Armour
   471 | D        | Entered arena 7.
   472 | D        | Found the +8 demon blade "Leech" {vamp, rN+ AC-5}
   472 | D        | Found a transporter.
   477 | D        | Reached ***** piety under Makhleb
   607 | D        | Entered arena 8.
   608 | D        | Found a transporter.
   611 | D        | Reached skill level 10 in Maces & Flails
   615 | D        | Reached ****** piety under Makhleb
   626 | D        | Got the Volume of Gliding Envenoming
   629 | D        | Entered arena 9.
   630 | D        | Found a transporter.
   648 | D        | Reached skill level 11 in Fighting
   665 | D        | Got the +7 quarterstaff of Annihilation {speed, rF+++ rC-}
   671 | D        | Entered arena 10.
   671 | D        | Noticed a death scarab
   671 | D        | Noticed a guardian mummy
   672 | D        | Found a transporter.
   687 | D        | Killed a guardian mummy
   687 | D        | Killed by a guardian mummy's death curse

Skill      XL: |  1  2  3  4  5  6  7  8 |
---------------+-------------------------+-----
Fighting       | 5 6 7 8 10 11 | 11.1
Maces & Flails | 5 6 7 8 9 10 | 10.4
Armour         | 4 5 6 7 8 9 10 | 10.8
Invocations    | 1 2 4 5 6 8 9 |  9.8
Throwing       | |  1.7
Dodging        | |  2.4

Action                   |  1- 3 |  4- 6 |  7- 9 || total
-------------------------+-------+-------+-------++-------
Melee: Great mace        |     2 |    25 |    57 ||    84
Evoke: Wand              |     1 |     1 |       ||     2
  Use: Potion            |     1 |       |     3 ||     4
Armor: Crystal plate arm |     1 |    81 |   157 ||   239
Dodge: Dodged            |     2 |    18 |    56 ||    76
